 Dungeon Crawl Stone Soup version 0.18.1-50-g88ac8fd (webtiles) character file.

51 RudyRod the Magician (level 3, -2/24 HPs)
             Began as a Demonspawn Wizard on Oct 24, 2016.
             Killed from afar by a white imp (6 damage)
             ... with a puff of frost
             ... summoned by Natasha
             ... on level 2 of the Dungeon.
             The game lasted 00:08:12 (1866 turns).

RudyRod the Magician (Demonspawn Wizard)            Turns: 1866, Time: 00:08:13

Health: -2/24      AC:  5    Str:  7    XL:     3   Next: 57%
Magic:  5/8        EV: 12    Int: 20    God:
Gold:   53         SH:  0    Dex: 11    Spells: 2 memorised, 6 levels left

rFire  . . .     SeeInvis .     q - +1 dagger (venom)
rCold  . . .     Gourm    .     a - +0 robe
rNeg   . . .     Faith    .     (no shield)
rPois  .         Spirit   .     b - +0 hat
rElec  .         Dismiss  .     p - +2 cloak
rCorr  .         Reflect  .     (no gloves)
SustAt +         Harm     .     (no boots)
MR     .....                    (no amulet)
Stlth  ++........               (no ring)
                                k - ring of sustain attributes

@: not resistant to hostile enchantments, unstealthy
A: claws 1, spiny 1
a: no special abilities


You were on level 2 of the Dungeon.
You were not hungry.

You visited 1 branch of the dungeon, and saw 2 of its levels.

You collected 53 gold pieces.

Inventory:

Hand Weapons
 q - a +1 dagger of venom (weapon)
Armour
 a - a +0 robe (worn)
 b - a +0 hat (worn)
 m - a +0 shield
 p - a +2 cloak (worn)
Jewellery
 k - a ring of sustain attributes (left claw)
Scrolls
 g - 2 scrolls of enchant armour {unknown}
 h - a scroll of enchant weapon {unknown}
 l - a scroll of remove curse {unknown}
 o - a scroll of identify {unknown}
Potions
 e - a potion of curing {unknown}
 f - a potion of agility {unknown}
 i - a potion of berserk rage {unknown}
 r - a potion of beneficial mutation {unknown}
Books
 c - a book of Minor Magic

   Spells                             Type                      Level
   a - Magic Dart                     Conjuration                  1
   b - Blink                          Translocation                2
   c - Call Imp                       Summoning                    2
   d - Repel Missiles                 Charms/Air                   2
   e - Slow                           Hexes                        2
   f - Conjure Flame                  Conjuration/Fire             3
   g - Mephitic Cloud                 Conjuration/Poison/Air       3
Comestibles
 d - a bread ration
 j - a meat ration
 n - 3 chunks of flesh


   Skills:
 * Level 0.3 Armour
 * Level 1.9 Dodging
 * Level 1.9 Stealth
 * Level 0.3 Shields
 + Level 3.9 Spellcasting
 * Level 1.5 Conjurations
 + Level 1.0 Summonings
   Level 0.8 Translocations


You had 6 spell levels left.
You knew the following spells:

 Your Spells              Type           Power        Failure   Level  Hunger
a - Magic Dart            Conj           ##..         10%         1    None
b - Call Imp              Summ           #.......     14%         2    ##.....


Dungeon Overview and Level Annotations

Branches:
Dungeon (2/15)

Altars:

Annotations:
D:2 Natasha


Innate Abilities, Weirdness & Mutations

You have sharp fingernails.
You are partially covered in sharp spines.


Message History

The white imp misses you.
Natasha casts a spell.
You closely miss the white imp.
The white imp is heavily wounded.
The white imp gestures at you. The puff of frost hits you!
Ouch! That really hurt!
The crimson imp is struck by your spines.
The crimson imp barely misses you.
Casting: Magic Dart
Confirm with . or Enter, or press ? or * to list all spells.
A beastly little devil appears in a puff of flame.
The white imp gestures at you. The puff of frost hits you!
* * * LOW HITPOINT WARNING * * *
The crimson imp blinks!
You swap places.
The white imp gestures at you. The puff of frost hits you!
You die...

#.#<# ######.#######
###....)........
......)....#####
###.###....#####
.............(>######
###.###....#...##...
#.#......#.#.##.#######
#.###.........@.5h.....
#........#...##5######
##########...##5#
........##.#
.####.#....#
...........#
####......#
#..#..#######
####..#.........


You could see Natasha, a crimson imp, a white imp and a friendly crimson imp.

Vanquished Creatures
  An ooze (D:1)
  2 dart slugs (D:1)
  2 giant geckos (D:1)
  4 goblins
  6 hobgoblins
  2 jackals
  A quokka (D:2)
  2 ball pythons
  6 bats
  4 giant newts
  A kobold (D:1)
  9 rats
40 creatures vanquished.

Notes
Turn   | Place    | Note
--------------------------------------------------------------
     0 | D:1      | RudyRod the Demonspawn Wizard began the quest for the Orb.
     0 | D:1      | Reached XP level 1. HP: 13/13 MP: 4/4
   187 | D:1      | Gained mutation: You are partially covered in sharp spines. [demonic ancestry]
   187 | D:1      | Reached XP level 2. HP: 19/19 MP: 0/6
  1202 | D:1      | Gained mutation: You have sharp fingernails. [demonic ancestry]
  1202 | D:1      | Reached XP level 3. HP: 24/24 MP: 6/8
  1761 | D:2      | Learned a level 2 spell: Call Imp
  1854 | D:2      | Noticed Natasha
  1866 | D:2      | Killed from afar by a white imp

Action                   || total
-------------------------++-------
Melee: Unarmed           ||     7
       Dagger            ||     2
 Cast: Magic Dart        ||    90
       Call Imp          ||     1
  Eat: Chunk             ||     3
Armor: Robe              ||     4
Dodge: Dodged            ||     9
